 Dungeon Crawl Stone Soup version 0.17.0-18-gaab0e96 (console) character file.

1 gw the Slasher (level 1, -1/14 HPs)
             Began as a High Elf Gladiator on Nov 11, 2015.
             Slain by a kobold
             ... wielding a +0 club
              (3 damage)
             ... on level 1 of the Dungeon.
             The game lasted 00:00:19 (106 turns).

gw the Slasher (High Elf Gladiator)                  Turns: 106, Time: 00:00:19

Health: -1/14      AC:  4    Str: 14    XL:     1   Next: 16%
Magic:  2/2        EV: 13    Int: 11    God:
Gold:   0          SH:  0    Dex: 15    Spells: 0 memorised, 0 levels left

rFire  . . .     SeeInvis .     a - +0 long sword
rCold  . . .     Clarity  .     b - +0 leather armour
rNeg   . . .     SustAt   .     (no shield)
rPois  .         Gourm    .     c - +0 helmet
rElec  .         Spirit   .     (no cloak)
rCorr  .         Warding  .     (no gloves)
rMut   .         Stasis   .     (no boots)
MR     .....                    (no amulet)
Stlth  +.........               (no ring)
                                (no ring)

@: not resistant to hostile enchantments, very unstealthy
A: no striking features
a: no special abilities


You were on level 1 of the Dungeon.
You were not hungry.

You visited 1 branch of the dungeon, and saw 1 of its levels.

Inventory:

Hand Weapons
 a - a +0 long sword (weapon)
Missiles
 d - 3 throwing nets
Armour
 b - a +0 leather armour (worn)
 c - a +0 helmet (worn)
Comestibles
 e - a bread ration


   Skills:
 + Level 2.0 Fighting
 * Level 3.7 Long Blades
 - Level 2.0 Throwing
 + Level 3.3 Dodging


You couldn't memorise any spells.
You didn't know any spells.

Dungeon Overview and Level Annotations

Branches:
Dungeon (1/15)

Altars:


Message History

Unknown command.
Unknown command.
Unknown command.
MOVING TO (1,-3)
The gnoll barely misses you. The giant cockroach closely misses you.
The giant newt hisses menacingly.
Unknown command.
Unknown command.
Unknown command.
MOVING TO (1,-2) Unknown command.
Unknown command.
Unknown command.
MOVING TO (1,-1) Unknown command.
Unknown command.
Unknown command.
ATTACK MOVE TO (-1,1)
You closely miss the rat. The kobold hits you with a club.
You die...

.....###
##..(..#
##.....#
.......#
.......#
##...### ###..##
##..############
#............e#
#.#.....?.gsrK#
#.##.......g.l#
#..#.........r#
##...!........#
###..$.......#
#..........#
#..........#
############


You could see a gnoll, a giant cockroach, a hobgoblin, a kobold, a giant newt
and 2 rats.

Table legend:
 A = Turns spent in this place as a percentage of turns spent in the entire game.
 B = Non-inter-level travel turns spent in this place as a percentage of non-inter-level travel turns spent in the entire game.
 C = Inter-level travel turns spent in this place as a percentage of turns spent in this place.
 D = Turns resting spent in this place as a percentage of non-inter-level travel turns spent in this place.
 E = Turns spent auto-exploring this place as a percentage of non-inter-level travel turns spent in this place.
 F = Non-inter-level travel turns spent in this place divided by the number of levels of this place that you've seen.
                   A       B       C       D       E      F
               +-------+-------+-------+-------+-------+----------------------
         Total | 100.0 | 100.0 |   0.0 |   0.0 |   1.9 | 422.0
       Dungeon | 100.0 | 100.0 |   0.0 |   0.0 |   1.9 | 422.0
               +-------+-------+-------+-------+-------+----------------------

Table legend:
 A = Kills in this place as a percentage of kills in entire the game.
 B = Kills by you in this place as a percentage of kills by you in the entire game.
 C = Kills by friends in this place as a percentage of kills by friends in the entire game.
 D = Other kills in this place as a percentage of other kills in the entire game.
 E = Experience gained in this place as a percentage of experience gained in the entire game.
 F = Experience gained in this place divided by the number of levels of this place that you have seen.
                   A       B       C       D       E      F
               +-------+-------+-------+-------+-------+----------------------
         Total | 100.0 | 100.0 |  -nan |  -nan | 100.0 |   2.0
       Dungeon | 100.0 | 100.0 |  -nan |  -nan | 100.0 |   2.0
               +-------+-------+-------+-------+-------+----------------------

Vanquished Creatures
  A bat (D:1)
  A rat (D:1)
2 creatures vanquished.

Notes
Turn   | Place    | Note
--------------------------------------------------------------
     0 | D:1      | gw the High Elf Gladiator began the quest for the Orb.
     0 | D:1      | Reached XP level 1. HP: 14/14 MP: 2/2
   106 | D:1      | Slain by a kobold

Action                   || total
-------------------------++-------
Melee: Long sword        ||     7

Vault maps used:
D:1:      tarquinn_simple_flora_water_e, minmay_close_crescents
